 Dungeon Crawl Stone Soup version 0.28-b1-25-g9875b3fc8c (webtiles) character file.

Game seed: 8858249272309359546

11 lordive the Conjurer (level 2, -2/15 HPs)
             Began as a Tengu Conjurer on Feb 1, 2022.
             Slain by a goblin (4 damage)
             ... on level 1 of the Dungeon.
             The game lasted 00:00:41 (272 turns).

lordive the Conjurer (Tengu Conjurer)                Turns: 272, Time: 00:00:42

Health: -2/15      AC:  2    Str:  7    XL:     2   Next: 25%
Magic:  1/6        EV: 12    Int: 18    God:
Gold:   0          SH:  0    Dex: 12    Spells: 2/5 levels left

rFire   . . .      SeeInvis .   (no weapon)
rCold   . . .      Faith    .   (no shield)
rNeg    . . .      Spirit   .   a - +0 robe
rPois   .          Reflect  .   (helmet restricted)
rElec   .          Harm     .   (no cloak)
rCorr   .          Rampage  .   (no gloves)
Will    .....                   (boots unavailable)
Stlth   ++........              (no amulet)
HPRegen 0.05/turn               (no ring)
MPRegen 0.10/turn               (no ring)

@: no status effects
A: beak, talons 3
a: no special abilities


You were on level 1 of the Dungeon.
You visited 1 branch of the dungeon, and saw 1 of its levels.

Inventory:

Armour
 a - a +0 robe (worn)
Scrolls
 b - a scroll of enchant armour {unknown}
 c - a scroll of holy word {unknown}


   Skills:
 + Level 2.2 Dodging
 - Level 2.0 Stealth
 + Level 2.1 Spellcasting
 + Level 5.9 Conjurations


You had 2 spell levels left.
You knew the following spells:

 Your Spells              Type           Power      Damage    Failure   Level
a - Magic Dart            Conj           92%        1d7       1%          1
b - Searing Ray           Conj           46%        2d6       2%          2

Your spell library contained the following spells:

 Spells                   Type           Power      Damage    Failure   Level
 Dazzling Flash           Conj/Hex       24%        N/A       16%         3
 Fulminant Prism          Conj/Hex       6%         3d7       47%         4
 Iskenderun's Mystic Bla  Conj/Tloc      12%        2d5       47%         4


Dungeon Overview and Level Annotations

Branches:
Dungeon (1/15)

Altars:


Innate Abilities, Weirdness & Mutations

You have a beak for a mouth.
You have claws for feet.


Message History

The magic dart hits the ball python.
The ball python is severely wounded.
The frilled lizard hisses angrily.
Unknown command.
The goblin hits you with a +0 club. The goblin closely misses you.
A jackal comes into view.
The ball python bites you but does no damage.
The ball python grabs you. The ball python constricts you.
The ball python's grasp on you weakens, but your attempt to escape fails.
The goblin hits you with a +0 club. The ball python closely misses you.
The ball python constricts you.
You escape the ball python's grasp.
The jackal barks!
A jackal comes into view.
A hobgoblin comes into view.
The jackal closely misses you. The jackal bites you.
Casting: Magic Dart (safe; 1% risk of failure)
Confirm with . or Enter, or press ? or * to list all spells.
Aiming: Magic Dart (safe; 1% risk of failure)
Press: ? - help, Shift-Dir - straight line, f/p - ball python
Aim: a ball python (moderately wounded, 100% to hit)
The magic dart hits the ball python!
You kill the ball python!
The hobgoblin shouts!
You hear a bark! x2
The jackal barely misses you.
The jackal bites you but does no damage.
The goblin hits you with a +0 club.
The jackal bites you but does no damage.
The jackal misses you.
The jackal bites you. x2; The goblin misses you.
The goblin closely misses you. The frilled lizard bites you.
* * * LOW HITPOINT WARNING * * *
The jackal barely misses you. The jackal bites you.
* * * LOW HITPOINT WARNING * * *
The jackal barely misses you. The goblin hits you with a +0 club.
You die...

....###.†.##
##..##h..........
.##..####..##
#..#........###.
#........####
#..........##
#######.....###....##...##
###...##..g........#
###.....##..####.#
#.#hh.###.# .#
##########..g#l###.### ..
............@h........ ...
########...#.#......##
..## #.###...###....
#####........8 .#.
#.†............ #
##..#........8.8.
...##..........._.
#............8.8...
..###..........


You could see 3 jackals, a hobgoblin, a goblin and a frilled lizard.

Vanquished Creatures
  An endoplasm (D:1)
  2 giant cockroaches (D:1)
  A goblin (D:1)
  2 ball pythons (D:1)
  3 bats (D:1)
  A frilled lizard (D:1)
  A kobold (D:1)
  A rat (D:1)
12 creatures vanquished.

Notes
Turn   | Place    | Note
-------+----------+-------------------------------------------
     0 | D:1      | lordive the Tengu Conjurer began the quest for the Orb.
     0 | D:1      | Reached XP level 1. HP: 10/10 MP: 4/4
    94 | D:1      | Found a faded altar of an unknown god.
   151 | D:1      | Reached XP level 2. HP: 15/15 MP: 0/6
   165 | D:1      | Learned a level 2 spell: Searing Ray
   272 | D:1      | Slain by a goblin

Illustrated notes

Levels and vault maps discovered:
D:1:      dpeg_arrival_fog, layout_rooms, ebering_ecumenical_altar_ruins

Action                   || total
-------------------------++-------
 Cast: Magic Dart        ||    19
Armor: Robe              ||     3
Dodge: Dodged            ||    14
